General information
- name: BNet
- type: Ladder team game (AT/RT)
- host: Battle.net
- saver: Sgt.Malarkey
map: RiverOfSouls
- players: 6
- length: 28:57
- speed: Fast
- version: 1.21 W3XP
- replay type: Public
» download(170 KB)
Players
team 1 (winner)
fineX. (
yellow | 64 APM | 1845 actions | 28:57)
3 Blademaster
2 Wind Walk
1 Critical Strike
2 Shadow Hunter
1 Healing Wave
1 Hex
» actions
| Assign group hotkey | 23 | |
| Basic commands | 1 | |
| Build / train | 52 | |
| Enter build submenu | 60 | |
| Enter hero's abilities submenu | 5 | |
| Give item / drop item | 2 | |
| Remove unit from queue | 3 | |
| Right click | 1117 | |
| Select / deselect | 206 | |
| Select group hotkey | 246 | |
| Use ability | 130 | |
1845 total
» units
» upgrades
| Liquid Fire | 1 | |
| Ranged Weapons | 1 | |
| Reinforced Defenses | 0 | |
2 total
» buildings
| Altar of Storms | 1 | |
| Orc Burrow | 8 | |
| War Mill | 1 | |
| Watch Tower | 58 | |
| Voodoo Lounge | 2 | |
| Stronghold | 1 | |
| Fortress | 1 | |
| Beastiary | 2 | |
74 total
» build order
00:05 Altar of Storms
00:07 Orc Burrow
00:35 War Mill
02:03 Watch Tower
02:15 Watch Tower
03:01 Watch Tower
03:04 Watch Tower
03:23 Watch Tower
03:42 Voodoo Lounge
03:45 Voodoo Lounge
03:53 Watch Tower
04:07 Watch Tower
04:12 Watch Tower
04:15 Watch Tower
04:53 Watch Tower
05:03 Watch Tower
05:15 Watch Tower
05:31 Watch Tower
05:56 Watch Tower
06:22 Watch Tower
06:31 Orc Burrow
06:54 Stronghold
07:30 Watch Tower
07:53 Watch Tower
08:08 Watch Tower
08:09 Watch Tower
08:40 Watch Tower
08:44 Watch Tower
09:33 Watch Tower
09:34 Watch Tower
10:05 Watch Tower
10:06 Watch Tower
10:30 Watch Tower
10:31 Watch Tower
10:54 Watch Tower
10:54 Watch Tower
10:59 Watch Tower
11:02 Fortress
11:06 Beastiary
11:09 Beastiary
11:12 Orc Burrow
12:03 Watch Tower
12:03 Watch Tower
12:07 Orc Burrow
12:17 Watch Tower
12:50 Watch Tower
12:54 Watch Tower
12:58 Watch Tower
13:29 Watch Tower
14:11 Watch Tower
14:15 Watch Tower
17:08 Watch Tower
17:09 Watch Tower
17:16 Watch Tower
18:18 Watch Tower
18:19 Watch Tower
19:29 Watch Tower
19:29 Watch Tower
21:34 Watch Tower
21:35 Watch Tower
21:45 Watch Tower
21:46 Watch Tower
23:34 Watch Tower
23:35 Watch Tower
24:47 Watch Tower
24:49 Watch Tower
25:53 Watch Tower
25:57 Watch Tower
28:40 Watch Tower
28:41 Watch Tower
28:47 Orc Burrow
28:47 Orc Burrow
28:47 Orc Burrow
» items
| Healing Salve | 2 | |
| Lesser Clarity Potion | 6 | |
| Staff of Teleportation | 1 | |
| Boots of Speed | 1 | |
| Potion of Healing | 3 | |
| Potion of Mana | 2 | |
| Orb of Lightning | 2 | |
17 total
PistophChrstoph (
teal | 44 APM | 1267 actions | 28:57)
3 Archmage
2 Blizzard
1 Brilliance Aura
3 Blood Mage
2 Flame Strike
1 Siphon Mana
» actions
| Assign group hotkey | 22 | |
| Basic commands | 123 | |
| Build / train | 105 | |
| ESC pressed | 2 | |
| Enter build submenu | 43 | |
| Enter hero's abilities submenu | 6 | |
| Give item / drop item | 4 | |
| Remove unit from queue | 1 | |
| Right click | 377 | |
| Select / deselect | 353 | |
| Select group hotkey | 96 | |
| Use ability | 135 | |
1267 total
» units
| Peasant | 20 | |
| Mortar Team | 10 | |
| Sorceress | 2 | |
32 total
» upgrades
| Masonry | 3 | |
| Lumber Harvesting | 1 | |
| Magic Sentry | 1 | |
| Sorceress Training | 2 | |
| Gunpowder | 3 | |
| Armor | 3 | |
| Flare | 1 | |
| Fragmentation Shards | 1 | |
15 total
» buildings
| Farm | 10 | |
| Altar of Kings | 1 | |
| Lumber Mill | 1 | |
| Scout Tower | 64 | |
| Guard Tower | 41 | |
| Keep | 1 | |
| Blacksmith | 1 | |
| Arcane Sanctum | 1 | |
| Workshop | 2 | |
| Castle | 1 | |
| Arcane Vault | 1 | |
| Town Hall | 1 | |
125 total
» build order
00:07 Farm
00:30 Altar of Kings
00:51 Farm
01:12 Lumber Mill
01:52 Scout Tower
01:56 Scout Tower
02:05 Scout Tower
02:07 Scout Tower
02:10 Scout Tower
02:11 Scout Tower
02:27 Guard Tower
02:29 Guard Tower
02:49 Guard Tower
03:03 Guard Tower
03:13 Guard Tower
03:18 Guard Tower
03:23 Scout Tower
03:24 Scout Tower
03:25 Scout Tower
03:32 Scout Tower
03:33 Scout Tower
03:44 Keep
03:50 Blacksmith
03:53 Guard Tower
03:57 Scout Tower
03:59 Scout Tower
04:00 Scout Tower
04:05 Guard Tower
04:10 Scout Tower
04:11 Scout Tower
04:14 Scout Tower
04:16 Scout Tower
04:18 Scout Tower
04:20 Guard Tower
04:24 Farm
04:30 Guard Tower
04:54 Guard Tower
05:00 Guard Tower
05:06 Scout Tower
05:08 Scout Tower
05:14 Scout Tower
05:15 Scout Tower
05:16 Scout Tower
05:26 Guard Tower
05:28 Scout Tower
05:29 Scout Tower
05:38 Farm
05:41 Guard Tower
06:10 Guard Tower
06:11 Scout Tower
06:13 Scout Tower
06:28 Guard Tower
06:34 Guard Tower
06:38 Scout Tower
06:40 Scout Tower
06:43 Scout Tower
06:46 Guard Tower
06:51 Guard Tower
07:03 Guard Tower
07:12 Guard Tower
07:17 Scout Tower
07:18 Scout Tower
07:19 Scout Tower
07:21 Scout Tower
07:21 Scout Tower
07:23 Scout Tower
07:24 Scout Tower
07:49 Guard Tower
08:01 Arcane Sanctum
08:21 Guard Tower
08:27 Guard Tower
08:42 Guard Tower
09:21 Workshop
09:24 Workshop
09:41 Guard Tower
10:23 Guard Tower
10:26 Scout Tower
10:27 Scout Tower
10:28 Scout Tower
10:29 Scout Tower
10:55 Farm
10:56 Farm
11:05 Scout Tower
11:07 Scout Tower
11:11 Scout Tower
11:13 Scout Tower
11:22 Scout Tower
11:45 Guard Tower
11:48 Guard Tower
11:51 Castle
12:00 Guard Tower
12:18 Guard Tower
12:21 Scout Tower
12:23 Scout Tower
12:24 Scout Tower
12:24 Scout Tower
12:59 Arcane Vault
13:14 Guard Tower
13:31 Guard Tower
13:36 Farm
13:38 Farm
14:08 Guard Tower
14:19 Guard Tower
14:23 Scout Tower
14:24 Scout Tower
15:36 Guard Tower
16:06 Scout Tower
16:07 Scout Tower
16:09 Scout Tower
16:10 Scout Tower
16:11 Scout Tower
17:33 Guard Tower
17:54 Farm
17:55 Farm
18:19 Guard Tower
19:00 Scout Tower
19:02 Scout Tower
19:03 Scout Tower
19:04 Scout Tower
19:41 Guard Tower
21:11 Guard Tower
23:29 Scout Tower
23:30 Scout Tower
25:14 Guard Tower
28:00 Town Hall
» items
| Scroll of Regeneration | 2 | |
| Scroll of Town Portal | 2 | |
| Potion of Healing | 2 | |
6 total
Sgt.Malarkey (
purple | 79 APM | 2275 actions | 28:57)
3 Warden
2 Shadow Strike
1 Blink
» actions
| Assign group hotkey | 442 | |
| Basic commands | 2 | |
| Build / train | 52 | |
| ESC pressed | 2 | |
| Enter build submenu | 18 | |
| Enter hero's abilities submenu | 3 | |
| Remove unit from queue | 4 | |
| Right click | 1203 | |
| Select / deselect | 163 | |
| Select group hotkey | 322 | |
| Use ability | 64 | |
2275 total
» units
| Wisp | 27 | |
| Chimaera | 2 | |
| Hippogryph | 5 | |
34 total
» upgrades
| Strength of the Wild | 3 | |
| Reinforced Hides | 1 | |
| Corrosive Breath | 1 | |
5 total
» buildings
| Altar of Elders | 1 | |
| Moon Well | 9 | |
| Tree of Ages | 1 | |
| Tree of Life | 2 | |
| Hunter's Hall | 1 | |
| Tree of Eternity | 1 | |
| Ancient of Wind | 1 | |
| Chimaera Roost | 3 | |
19 total
» build order
00:11 Altar of Elders
00:14 Moon Well
01:33 Moon Well
04:17 Tree of Ages
04:46 Tree of Life
06:10 Hunter's Hall
07:35 Moon Well
08:01 Tree of Life
10:37 Tree of Eternity
12:17 Ancient of Wind
14:00 Chimaera Roost
14:02 Chimaera Roost
14:04 Chimaera Roost
14:14 Moon Well
14:17 Moon Well
14:19 Moon Well
16:16 Moon Well
16:21 Moon Well
18:44 Moon Well
» items
| Periapt of Vitality | 1 | |
| Scroll of Healing | 1 | |
| Healing Salve | 1 | |
3 total
team 2 (loser)
buddha_boyz (
red | 50 APM | 1453 actions | 28:56)
4 Shadow Hunter
1 Serpent Ward
2 Healing Wave
1 Hex
» actions
| Assign group hotkey | 29 | |
| Basic commands | 57 | |
| Build / train | 55 | |
| Enter build submenu | 25 | |
| Enter hero's abilities submenu | 4 | |
| Right click | 475 | |
| Select / deselect | 316 | |
| Select group hotkey | 400 | |
| Use ability | 92 | |
1453 total
» units
| Peon | 9 | |
| Grunt | 6 | |
| Demolisher | 7 | |
| Troll Headhunter/Berserker | 2 | |
| Raider | 14 | |
38 total
» upgrades
| Armor | 2 | |
| Ensnare | 1 | |
| Burning Oil | 1 | |
| Spiked Barricades | 1 | |
5 total
» buildings
| Altar of Storms | 1 | |
| Orc Burrow | 8 | |
| Barracks | 2 | |
| Stronghold | 1 | |
| War Mill | 1 | |
| Watch Tower | 5 | |
| Voodoo Lounge | 2 | |
| Fortress | 1 | |
| Beastiary | 3 | |
24 total
» build order
00:09 Altar of Storms
00:16 Orc Burrow
00:41 Barracks
01:38 Barracks
02:00 Orc Burrow
03:21 Stronghold
03:46 War Mill
04:16 Orc Burrow
05:08 Orc Burrow
06:11 Watch Tower
07:13 Orc Burrow
08:28 Voodoo Lounge
08:39 Orc Burrow
12:37 Orc Burrow
13:56 Fortress
17:07 Beastiary
17:10 Beastiary
17:22 Watch Tower
17:30 Watch Tower
18:07 Beastiary
19:32 Watch Tower
19:39 Watch Tower
20:46 Voodoo Lounge
22:09 Orc Burrow
» items
| Potion of Lesser Invulnerability | 1 | |
| Dust of Appearance | 1 | |
| Healing Salve | 1 | |
| Potion of Mana | 1 | |
| Lesser Clarity Potion | 1 | |
5 total
Marteau (
pink | 85 APM | 2449 actions | 28:50)
4 Shadow Hunter
2 Serpent Ward
2 Healing Wave
3 Far Seer
2 Chain Lighting
1 Feral Spirit
» actions
| Assign group hotkey | 25 | |
| Basic commands | 114 | |
| Build / train | 65 | |
| Enter build submenu | 22 | |
| Enter hero's abilities submenu | 7 | |
| Remove unit from queue | 1 | |
| Right click | 829 | |
| Select / deselect | 394 | |
| Select group hotkey | 910 | |
| Use ability | 82 | |
2449 total
» units
| Peon | 13 | |
| Grunt | 6 | |
| Troll Headhunter/Berserker | 8 | |
| Raider | 5 | |
| Wind Rider | 5 | |
37 total
» upgrades
| Berserker Strength | 1 | |
| Troll Regeneration | 1 | |
| Ranged Weapons | 3 | |
| Melee Weapons | 1 | |
| Armor | 1 | |
| Ensnare | 1 | |
| Reinforced Defenses | 1 | |
| Envenomed Spears | 1 | |
| Berserker Upgrade | 1 | |
11 total
» buildings
| Altar of Storms | 1 | |
| Orc Burrow | 8 | |
| Barracks | 2 | |
| Voodoo Lounge | 1 | |
| War Mill | 1 | |
| Stronghold | 1 | |
| Watch Tower | 3 | |
| Fortress | 1 | |
| Beastiary | 2 | |
| Great Hall | 3 | |
23 total
» build order
00:08 Altar of Storms
00:19 Orc Burrow
00:28 Barracks
01:30 Orc Burrow
01:54 Barracks
02:53 Orc Burrow
03:31 Voodoo Lounge
03:53 War Mill
04:50 Stronghold
08:06 Orc Burrow
09:30 Watch Tower
10:07 Orc Burrow
11:02 Fortress
13:44 Beastiary
13:48 Beastiary
15:10 Watch Tower
16:16 Orc Burrow
16:32 Great Hall
17:02 Orc Burrow
17:23 Watch Tower
23:21 Great Hall
25:23 Great Hall
28:28 Orc Burrow
» items
| Healing Salve | 1 | |
| Lesser Clarity Potion | 1 | |
| Scroll of Speed | 1 | |
| Scroll of Protection | 1 | |
| Periapt of Vitality | 1 | |
5 total
Star69 (
orange | 45 APM | 1295 actions | 28:46)
4 Archmage
1 Summon Water Elemental
2 Brilliance Aura
1 Blizzard
» actions
| Assign group hotkey | 37 | |
| Build / train | 78 | |
| ESC pressed | 6 | |
| Enter build submenu | 33 | |
| Enter hero's abilities submenu | 4 | |
| Right click | 382 | |
| Select / deselect | 247 | |
| Select group hotkey | 428 | |
| Use ability | 79 | |
1295 total
» units
| Peasant | 10 | |
| Rifleman | 15 | |
| Mortar Team | 16 | |
| Priest | 3 | |
| Flying Machine | 5 | |
49 total
» upgrades
| Gunpowder | 3 | |
| Armor | 3 | |
| Masonry | 2 | |
| Long Rifles | 1 | |
| Lumber Harvesting | 1 | |
| Flare | 1 | |
| Fragmentation Shards | 1 | |
| Priest Training | 2 | |
| Magic Sentry | 1 | |
15 total
» buildings
| Altar of Kings | 1 | |
| Farm | 11 | |
| Blacksmith | 1 | |
| Barracks | 2 | |
| Scout Tower | 7 | |
| Arcane Tower | 3 | |
| Keep | 1 | |
| Lumber Mill | 1 | |
| Castle | 1 | |
| Guard Tower | 2 | |
| Workshop | 1 | |
| Arcane Sanctum | 1 | |
| Cannon Tower | 2 | |
| Town Hall | 1 | |
35 total
» build order
00:10 Altar of Kings
00:22 Farm
00:51 Blacksmith
00:58 Farm
01:39 Barracks
02:03 Scout Tower
02:29 Barracks
02:43 Arcane Tower
04:34 Farm
05:01 Scout Tower
05:13 Scout Tower
05:36 Arcane Tower
05:54 Arcane Tower
06:15 Farm
06:17 Keep
06:51 Lumber Mill
06:59 Scout Tower
08:53 Castle
08:58 Guard Tower
09:35 Workshop
10:58 Arcane Sanctum
13:26 Scout Tower
13:30 Farm
14:15 Farm
14:24 Guard Tower
15:38 Farm
17:48 Scout Tower
18:18 Cannon Tower
18:25 Scout Tower
18:37 Farm
18:39 Farm
18:40 Farm
19:36 Cannon Tower
19:58 Farm
26:18 Town Hall
Chat log
(00:04 / Allies) Sgt.Malarkey: shit
(00:11 / Allies) PistophChrstoph: someone fucked up
(00:12 / Allies) fineX.: ?
(00:18 / Allies) PistophChrstoph: this map blows arse
(00:23 / Allies) Sgt.Malarkey: this map cant towa
(00:24 / Allies) PistophChrstoph: serious?
(00:26 / Allies) fineX.: y
(00:34 / Allies) PistophChrstoph: care to serious
(00:34 / Allies) Sgt.Malarkey: well there are three points
(00:43 / Allies) fineX.: i towad this yesterday
(00:44 / Allies) fineX.: fine
(00:47 / Allies) PistophChrstoph: fine
(00:52 / Allies) Sgt.Malarkey: yeah but we only got two towa races
(00:56 / Allies) fineX.: just gotta tower the mid early
(01:01 / Allies) fineX.: feed chrs
(01:06 / Allies) PistophChrstoph: k
(01:07 / Allies) PistophChrstoph: yea
(01:09 / Allies) PistophChrstoph: ill get it
(01:41 / Allies) Sgt.Malarkey: hmm what should I get then?
(01:47 / Allies) PistophChrstoph: chims
(01:48 / Allies) fineX.: chims
(02:16 / Allies) Sgt.Malarkey: k
(02:22 / Allies) PistophChrstoph: does NE have any other unit?
(02:23 / Allies) PistophChrstoph: lol
(02:31 / Allies) Sgt.Malarkey: dotts, bro. dotts
(02:33 / Allies) fineX.: rush
(02:34 / Allies) PistophChrstoph: oh snap
(02:43 / Allies) fineX.: trip sh
(03:19 / Allies) fineX.: nj guys
(04:20 / Allies) fineX.: techin
(04:26 / Allies) PistophChrstoph: same
(04:31 / Allies) Sgt.Malarkey: when?
(04:34 / Allies) fineX.: now
(04:39 / Allies) fineX.: if u can
(04:44 / Allies) PistophChrstoph: need wood
(04:48 / Allies) fineX.: me 2
(06:00 / Allies) fineX.: help me tower pls
(06:34 / Allies) fineX.: i cant tech no wood
(07:22 / Allies) fineX.: i have a dilemma
(07:27 / Allies) PistophChrstoph: ?
(07:27 / Allies) fineX.: my mom brought me fried chicken
(07:47 / Allies) Sgt.Malarkey: you expo that or me?
(07:53 / Allies) fineX.: u
(08:01 / Allies) fineX.: but i need wood
(08:31 / Allies) fineX.: ?
(08:40 / Allies) Sgt.Malarkey: okay
(08:54 / Allies) fineX.: i played htis yesterday
(09:05 / Allies) fineX.: the whole right side of the map was covered in cannon towers
(09:38 / Allies) PistophChrstoph: cancel?
(09:42 / Allies) Sgt.Malarkey: yeah
(09:59 / Allies) PistophChrstoph: go
(11:02 / Allies) PistophChrstoph: start sending some goods
(11:19 / Allies) fineX.: morts
(11:31 / Allies) fineX.: my towers are under attack!!
(11:35 / Allies) PistophChrstoph: i got 2
(12:27 / Allies) fineX.: now my dilemma is
(12:32 / Allies) fineX.: should i eat my delicious fried chicken
(12:34 / Allies) fineX.: or keep towering
(12:35 / Allies) PistophChrstoph: more towers
(12:49 / Allies) PistophChrstoph: there isnt a question
(12:53 / Allies) PistophChrstoph: blasphemer
(13:00 / Allies) Sgt.Malarkey: care!
(13:04 / Allies) PistophChrstoph: only of your decication
(13:08 / Allies) PistophChrstoph: dedication*
(13:09 / Allies) fineX.: was talking to my mom
(13:10 / Allies) fineX.: shit
(13:29 / Allies) PistophChrstoph: justice league assemble
(13:38 / Allies) fineX.: did you steal thatr from gap
(13:41 / Allies) Sgt.Malarkey: no kiddin
(13:42 / Allies) fineX.: or did gap steal it from you
(13:45 / Allies) Sgt.Malarkey: haha
(13:45 / Allies) PistophChrstoph: gap stole it from me
(13:47 / Allies) PistophChrstoph: lol
(13:49 / Allies) Sgt.Malarkey: that bastard
(13:52 / Allies) Sgt.Malarkey: fuck that guy
(13:52 / Allies) PistophChrstoph: seriously i use it all the time
(13:53 / Allies) Sgt.Malarkey: :P
(14:02 / Allies) fineX.: hes coo'
(14:06 / Allies) Sgt.Malarkey: yeah
(14:23 / Allies) fineX.: in one of his awful yearbook pictures
(14:26 / Allies) fineX.: he can be seen kissing a man
(15:31 / Allies) fineX.: guys im missing out
(15:37 / Allies) fineX.: :<
(15:45 / Allies) fineX.: the sacrifices i make for u nuggers
(15:50 / Allies) PistophChrstoph: damn right
(16:01 / Allies) PistophChrstoph: wells here plz
(16:08 / Allies) Sgt.Malarkey: where?
(16:13 / Allies) PistophChrstoph: islnd
(16:26 / Allies) fineX.: lol
(16:38 / Allies) Sgt.Malarkey: care
(16:46 / Allies) PistophChrstoph: get out
(16:47 / Allies) PistophChrstoph: dont die
(17:50 / Allies) fineX.: yea
(17:56 / Allies) Sgt.Malarkey: should I stay at 3 chims - no upkeep?
(17:56 / Allies) fineX.: i just pinged dat
(18:01 / Allies) PistophChrstoph: na
(18:03 / Allies) PistophChrstoph: go low
(18:04 / Allies) PistophChrstoph: but thats it
(18:14 / Allies) fineX.: i do not feel strongly one way or another
(18:26 / Allies) PistophChrstoph: come rape this with me
(18:42 / Allies) PistophChrstoph: you guys get that
(18:44 / Allies) PistophChrstoph: il ghim
(18:55 / Allies) PistophChrstoph: bats?
(18:58 / Allies) fineX.: raiders damn
(19:53 / Allies) PistophChrstoph: he is cut off
(20:35 / Allies) Sgt.Malarkey: i got 9 chims should I hit someone?
(20:40 / Allies) fineX.: yes
(20:40 / Allies) PistophChrstoph: go hit yea
(20:58 / Allies) fineX.: mort with 1 hp got away
(21:04 / Allies) PistophChrstoph: go fined it
(21:12 / Allies) fineX.: no mana
(21:18 / Allies) PistophChrstoph: lol
(21:19 / Allies) PistophChrstoph: hit that
(21:37 / Allies) fineX.: i got demos
(21:50 / Allies) PistophChrstoph: watch wyverns comin your way
(22:16 / Allies) fineX.: bat suport coming in
(22:33 / Allies) PistophChrstoph: main
(23:00 / Allies) fineX.: halp
(23:03 / Allies) PistophChrstoph: perfect
(23:07 / Allies) PistophChrstoph: coming
(23:14 / Allies) Sgt.Malarkey: noobs
(23:45 / Allies) fineX.: need morts
(23:50 / Allies) PistophChrstoph: coming
(23:58 / Allies) fineX.: bats coming with chims
(24:21 / Allies) Sgt.Malarkey: going high
(24:55 / Allies) Sgt.Malarkey: nm
(26:06 / Allies) fineX.: what happened to my bats
(26:14 / Allies) PistophChrstoph: need to use them
(26:14 / Allies) fineX.: ooh
(26:17 / Allies) fineX.: ok
(26:37 / Allies) fineX.: brb guys
(26:39 / Allies) fineX.: sry
(26:50 / Allies) PistophChrstoph: ooh
(26:51 / Allies) Sgt.Malarkey: he's hungry I guess
(27:51 / Allies) Sgt.Malarkey: shit
(28:19 / Allies) PistophChrstoph: lol
(28:42 / Allies) fineX.: back
(28:49 / All) Sgt.Malarkey: dont leave!
(28:53 / All) Sgt.Malarkey: no!